 Dungeon Crawl Stone Soup version 0.23.2-1-ga50397a (webtiles) character file.

Game seed: 1337616371219871754

660 goulibeur the Skirmisher (level 7, -2/91 HPs)
             Began as a White Draconian Berserker on May 23, 2019.
             Was a Priest of Trog.
             Slain by a worker ant (3 damage)
             ... on level 3 of the Dungeon.
             The game lasted 00:12:37 (4598 turns).

goulibeur the Skirmisher (DrBe)                     Turns: 4598, Time: 00:12:38

Health: -2/91      AC:  6    Str: 25    XL:     7   Next: 30%
Magic:  7/7        EV:  9    Int:  7    God:    Trog [***...]
Gold:   162        SH: 14    Dex: 12    Spells: 6/6 levels left

rFire    . . .     SeeInvis .   q - +0 flail
rCold    + + .     Gourm    .   o - +0 large shield
rNeg     . . .     Faith    .   (armour unavailable)
rPois    .         Spirit   .   (helmet restricted)
rElec    .         Reflect  .   (no cloak)
rCorr    .         Harm     .   (no gloves)
MR       .....                  (no boots)
Stlth    ..........             (no amulet)
HPRegen  0.25/turn              s - ring of protection from cold
MPRegen  0.10/turn              (no ring)

@: berserking, lethally poisoned (-2 -> -9), lightly drained, very quick
A: breathe frost, unfitting armour, cold resistance 1, cold-blooded, AC +6
a: Breathe Frost, Berserk, Trog's Hand, Renounce Religion


You were on level 3 of the Dungeon.
You worshipped Trog.
Trog was most pleased with you.
You were near starving.

You visited 1 branch of the dungeon, and saw 4 of its levels.
You also visited: Sewer.

You collected 162 gold pieces.

Inventory:

Hand Weapons
 a - a +0 mace
 q - a +0 flail (weapon)
Missiles
 d - 15 tomahawks (quivered)
Armour
 o - a +0 large shield (worn)
Jewellery
 h - an uncursed ring of stealth
 n - a cursed +1 ring of evasion {unknown}
 s - a ring of protection from cold (left hand)
Wands
 p - a wand of digging (6)
Scrolls
 j - 3 scrolls of amnesia {unknown}
 m - a scroll of remove curse {unknown}
 r - a scroll of enchant weapon {unknown}
 u - a scroll of fear {unknown}
 w - a scroll of immolation {unknown}
Potions
 c - a potion of berserk rage {unknown}
 e - a potion of mutation {unknown}
 f - a potion of haste {unknown}
 g - 2 potions of curing
 l - 3 potions of flight {unknown}
 v - a potion of heal wounds {unknown}
Comestibles
 b - 5 rations


   Skills:
 + Level 5.1(4.8) Fighting
 + Level 4.7(4.3) Maces & Flails
 + Level 3.1(2.7) Throwing
 + Level 4.2(3.9) Dodging
 + Level 2.9(2.5) Shields


You had 6 spell levels left.
You didn't know any spells.
Your spell library was empty.

Dungeon Overview and Level Annotations

Branches:
Dungeon (4/15)
 Temple: D:4-7

Altars:

Annotations:
D:2 Natasha


Innate Abilities, Weirdness & Mutations

You can breathe waves of freezing cold.
You can buffet flying creatures when you breathe cold.
Your icy white scales are hard. (AC +6)
You cannot fit into any form of body armour.
Your flesh is cold resistant. (rC+)
You are cold-blooded and may be slowed by cold attacks.


Message History

Your shield prevents you from hitting the worker ant.
Your tail-slap misses the worker ant.
The worker ant is almost dead.
* * * LOW HITPOINT WARNING * * *
You feel sick. You block the worker ant's attack.
A red film seems to cover your vision as you go berserk!
You feel yourself moving faster!
You feel mighty!
You are near starving!
* * * LOW HITPOINT WARNING * * *
You feel sick. You block the worker ant's attack.
You barely miss the worker ant.
The worker ant is almost dead.
* * * LOW HITPOINT WARNING * * *
You feel sick. You block the worker ant's attack.
You sock the worker ant!
You kill the worker ant!
Trog accepts your kill.
* * * LOW HITPOINT WARNING * * *
You feel sick. The worker ant bites you.
You die...

[#########.# #.###)#.....#
........##≈# ######.# #)#.....#
.###.....### ##....#)###.#.....#
..##.....# #.....[))...#.....#
#.##.....# #.....#.#####[....#
#..#.....#####.....#...........#
.........................>...#.#
##.####.#####..###.####........#
#.......# #...@a..# #.###....#
#.......# #.####.####.#....#.#
#.......# #.####...........#.#
#.......#####.##.....##.#..#.#.#
#..............'.....##.#..#.#.#
###.........#.##.....##.##.#.#.#
# #.........#.####'####.#..#.#.#
#.........#.# #.# #.#..#.#.#
#......(..#.# #.# #.#<.#.#.#


You could see a worker ant.

Vanquished Creatures
  Sigmund (D:2)
  A big kobold (Sewer)
  A wight (D:3)
  4 orc wizards (D:3)
  Terence (D:2)
  Natasha (twice) (D:2)
  A worker ant (D:3)
  Robin (D:2)
  2 adders
  A gnoll (D:2)
  A river rat (Sewer)
  2 oozes (D:2)
  2 worms (D:2)
  A dart slug (D:1)
  5 leopard geckos
  9 orcs (D:3)
  A bat zombie (D:1)
  4 giant cockroaches
  18 goblins
  6 hobgoblins
  10 jackals
  2 ball pythons (D:3)
  7 bats
  6 frilled lizards
  A jackal zombie (D:1)
  11 kobolds
  15 rats
116 creatures vanquished.

Notes
Turn   | Place    | Note
-------+----------+-------------------------------------------
     0 | D:1      | goulibeur the Draconian Berserker began the quest for the
                  | Orb.
     0 | D:1      | Reached XP level 1. HP: 19/19 MP: 1/1
   137 | D:1      | Reached XP level 2. HP: 26/26 MP: 2/2
   575 | D:1      | Reached skill level 1 in Throwing
   597 | D:1      | Reached ** piety under Trog
   597 | D:1      | Reached XP level 3. HP: 27/33 MP: 3/3
  1430 | D:2      | Noticed Robin
  1443 | D:2      | Killed Robin
  1447 | D:2      | Reached XP level 4. HP: 31/40 MP: 4/4
  1965 | D:2      | Noticed Sigmund
  1979 | D:2      | Killed Sigmund
  1979 | D:2      | Reached skill level 4 in Fighting
  1979 | D:2      | Reached skill level 1 in Shields
  1979 | D:2      | Reached XP level 5. HP: 47/47 MP: 5/5
  2163 | D:2      | Noticed Natasha
  2172 | D:2      | Killed Natasha
  2172 | D:2      | Reached XP level 6. HP: 38/53 MP: 6/6
  2284 | D:2      | Noticed Natasha
  2291 | D:2      | Killed Natasha
  2291 | D:2      | Reached *** piety under Trog
  2318 | D:2      | Noticed Terence
  2332 | D:2      | Killed Terence
  3160 | D:2      | Noticed Natasha
  3337 | D:3      | Paralysed by fainting for 10 turns
  3509 | D:3      | Found a glowing drain.
  3564 | Sewer    | Entered a sewer
  3684 | Sewer    | Your scales start taking on an icy white colour.
  3684 | Sewer    | Reached XP level 7. HP: 47/60 MP: 7/7
  3684 | Sewer    | Gained mutation: Your flesh is cold resistant. (rC+) [White
                  | Draconian growth]
  3686 | Sewer    | Reached skill level 5 in Fighting
  3759 | Sewer    | Found a white marble altar of Elyvilon.
  3953 | D:3      | Reached **** piety under Trog
  4595 | D:3      | HP: 3/61 [poisoned by a worker ant]
  4598 | D:3      | HP: 1/91 [poisoned by a worker ant]
  4598 | D:3      | Slain by a worker ant

Skill      XL: |  1  2  3  4  5  6  7 |
---------------+----------------------+-----
Dodging        | 3 4 |  4.2
Throwing       | 1 2 3 |  3.1
Fighting       | 4 5 |  5.1
Maces & Flails | 4 |  4.7
Shields        | 1 2 |  2.9

Action                   |  1- 3 |  4- 6 |  7- 9 || total
-------------------------+-------+-------+-------++-------
Melee: Mace              |   121 |   106 |       ||   227
       Tailslap          |    13 |    25 |    10 ||    48
       Flail             |       |    87 |    63 ||   150
Invok: Berserk           |     1 |     3 |     2 ||     6
  Use: Scroll            |       |     2 |     2 ||     4
 Stab: Sleeping          |     2 |     1 |       ||     3
  Eat: Chunk             |     2 |     8 |     3 ||    13
       Ration            |       |     1 |       ||     1
Armor: Skin              |    31 |    66 |    12 ||   109
Dodge: Dodged            |    88 |    53 |    25 ||   166
Block: Large shield      |    19 |   160 |    55 ||   234
